General information
- name: BNet
- type: Ladder team game (AT/RT)
- host: Battle.net
- saver: WutDoUMean
map: Cherryville
- players: 8
- length: 41:51
- speed: Fast
- version: 1.28 W3XP
- replay type: Public
» download(401 KB)
Players
team 1 (winner)

»
ImBroke (
orange | 73 APM | 2033 actions | 27:42)
5 Death Knight
3 Death Coil
2 Unholy Aura
5 Lich
3 Frost Nova
2 Frost Armor
» actions
| Assign group hotkey | 24 | |
| Basic commands | 18 | |
| Build / train | 72 | |
| ESC pressed | 1 | |
| Enter build submenu | 35 | |
| Enter hero's abilities submenu | 10 | |
| Give item / drop item | 6 | |
| Right click | 767 | |
| Select / deselect | 424 | |
| Select group hotkey | 578 | |
| Use ability | 98 | |
2033 total
» units
| Acolyte | 7 | |
| Ghoul | 8 | |
| Crypt Fiend | 7 | |
| Frost Wyrm | 7 | |
29 total
» upgrades
| Creature Attack | 3 | |
| Creature Carapace | 2 | |
| Web | 1 | |
| Freezing Breath | 1 | |
7 total
» buildings
| Crypt | 1 | |
| Altar of Darkness | 2 | |
| Ziggurat | 10 | |
| Graveyard | 1 | |
| Tomb of Relics | 2 | |
| Nerubian Tower | 2 | |
| Halls of the Dead | 4 | |
| Sacrificial Pit | 2 | |
| Black Citadel | 3 | |
| Necropolis | 3 | |
| Spirit Tower | 5 | |
| Slaughterhouse | 1 | |
| Boneyard | 2 | |
38 total
» build order
00:08 Crypt
00:14 Altar of Darkness
00:18 Altar of Darkness
00:39 Ziggurat
01:03 Graveyard
01:18 Ziggurat
01:32 Tomb of Relics
02:59 Nerubian Tower
03:51 Halls of the Dead
03:51 Halls of the Dead
03:51 Halls of the Dead
04:51 Ziggurat
06:51 Sacrificial Pit
07:31 Black Citadel
08:05 Necropolis
08:48 Spirit Tower
08:50 Spirit Tower
09:34 Necropolis
09:47 Ziggurat
09:50 Halls of the Dead
10:40 Spirit Tower
11:52 Tomb of Relics
12:11 Black Citadel
12:11 Black Citadel
12:23 Ziggurat
12:25 Ziggurat
12:29 Sacrificial Pit
12:53 Ziggurat
13:16 Spirit Tower
13:52 Slaughterhouse
13:55 Nerubian Tower
13:57 Ziggurat
14:46 Boneyard
14:49 Boneyard
21:43 Spirit Tower
22:35 Ziggurat
23:18 Ziggurat
26:17 Necropolis
» items
| Rod of Necromancy | 2 | |
| Dust of Appearance | 1 | |
| Potion of Lesser Invulnerability | 1 | |
| Scroll of Regeneration | 1 | |
| Scroll of Town Portal | 5 | |
10 total

»
xxwizardfacexx (
pink | 48 APM | 1531 actions | 31:37)
4 Death Knight
2 Death Coil
2 Unholy Aura
4 Dreadlord
2 Sleep
2 Vampiric Aura
» actions
| Assign group hotkey | 30 | |
| Build / train | 59 | |
| Enter build submenu | 18 | |
| Enter hero's abilities submenu | 8 | |
| Give item / drop item | 4 | |
| Right click | 659 | |
| Select / deselect | 205 | |
| Select group hotkey | 488 | |
| Use ability | 60 | |
1531 total
» units
| Acolyte | 7 | |
| Ghoul | 5 | |
| Crypt Fiend | 10 | |
| Frost Wyrm | 5 | |
27 total
» upgrades
| Creature Attack | 3 | |
| Web | 1 | |
| Burrow | 1 | |
| Freezing Breath | 1 | |
| Creature Carapace | 1 | |
7 total
» buildings
| Altar of Darkness | 1 | |
| Ziggurat | 10 | |
| Crypt | 1 | |
| Graveyard | 1 | |
| Tomb of Relics | 2 | |
| Nerubian Tower | 1 | |
| Spirit Tower | 5 | |
| Necropolis | 1 | |
| Halls of the Dead | 1 | |
| Black Citadel | 1 | |
| Sacrificial Pit | 1 | |
| Boneyard | 2 | |
27 total
» build order
00:28 Altar of Darkness
00:33 Ziggurat
00:47 Crypt
01:17 Ziggurat
01:28 Graveyard
01:51 Tomb of Relics
02:12 Nerubian Tower
03:10 Ziggurat
03:42 Spirit Tower
05:28 Spirit Tower
06:11 Necropolis
06:49 Halls of the Dead
07:58 Ziggurat
08:10 Ziggurat
09:19 Black Citadel
09:29 Spirit Tower
09:29 Spirit Tower
09:54 Sacrificial Pit
10:14 Tomb of Relics
11:55 Boneyard
11:56 Boneyard
11:59 Ziggurat
11:59 Ziggurat
13:38 Spirit Tower
27:59 Ziggurat
27:59 Ziggurat
28:00 Ziggurat
» items
| Rod of Necromancy | 1 | |
| Dust of Appearance | 1 | |
| Scroll of Town Portal | 4 | |
6 total
WutDoUMean (
purple | 73 APM | 3075 actions | 41:51)
6 Mountain King
3 Storm Bolt
2 Bash
1 Avatar
» actions
| Assign group hotkey | 198 | |
| Basic commands | 358 | |
| Build / train | 98 | |
| Enter build submenu | 41 | |
| Enter hero's abilities submenu | 6 | |
| Give item / drop item | 1 | |
| Right click | 1019 | |
| Select / deselect | 511 | |
| Select group hotkey | 619 | |
| Use ability | 224 | |
3075 total
» units
| Peasant | 14 | |
| Footman | 4 | |
| Goblin Shredder | 1 | |
| Goblin Zeppelin | 1 | |
| Dragonhawk Rider | 14 | |
| Priest | 2 | |
| Goblin Sapper | 2 | |
| Gryphon Rider | 5 | |
| Acolyte | 1 | |
44 total
» upgrades
| Lumber Harvesting | 1 | |
| Masonry | 3 | |
| Swords | 3 | |
| Armor | 3 | |
| Animal War Training | 1 | |
| Cloud | 1 | |
| Magic Sentry | 1 | |
| Storm Hammers | 1 | |
14 total
» buildings
| Altar of Kings | 1 | |
| Barracks | 1 | |
| Farm | 11 | |
| Arcane Vault | 1 | |
| Scout Tower | 31 | |
| Lumber Mill | 1 | |
| Keep | 1 | |
| Arcane Tower | 1 | |
| Town Hall | 3 | |
| Guard Tower | 7 | |
| Castle | 1 | |
| Gryphon Aviary | 4 | |
| Blacksmith | 2 | |
| Arcane Sanctum | 1 | |
66 total
» build order
00:36 Altar of Kings
00:37 Barracks
00:54 Farm
00:55 Farm
01:05 Farm
01:06 Farm
02:30 Arcane Vault
04:06 Scout Tower
04:19 Lumber Mill
04:26 Keep
04:32 Arcane Tower
05:56 Town Hall
05:59 Scout Tower
05:59 Scout Tower
06:00 Scout Tower
06:00 Scout Tower
06:56 Guard Tower
07:56 Castle
09:33 Gryphon Aviary
09:33 Gryphon Aviary
10:23 Gryphon Aviary
10:31 Gryphon Aviary
10:33 Blacksmith
10:58 Blacksmith
11:01 Scout Tower
11:04 Scout Tower
11:06 Scout Tower
11:07 Scout Tower
11:56 Guard Tower
12:29 Arcane Sanctum
12:50 Farm
12:51 Farm
23:06 Scout Tower
23:06 Scout Tower
23:07 Scout Tower
23:07 Scout Tower
23:08 Scout Tower
23:08 Scout Tower
23:09 Scout Tower
23:09 Scout Tower
23:10 Scout Tower
23:10 Scout Tower
23:11 Scout Tower
23:11 Scout Tower
23:12 Scout Tower
23:13 Scout Tower
23:13 Scout Tower
23:14 Scout Tower
23:15 Scout Tower
23:15 Scout Tower
23:16 Scout Tower
23:16 Scout Tower
23:17 Scout Tower
23:17 Scout Tower
23:23 Farm
23:24 Farm
23:25 Farm
23:27 Farm
23:28 Farm
23:53 Guard Tower
24:32 Guard Tower
24:52 Guard Tower
26:11 Guard Tower
26:14 Town Hall
28:05 Town Hall
28:15 Guard Tower
» items
| Scroll of Regeneration | 5 | |
| Mechanical Critter | 3 | |
| Scroll of Town Portal | 5 | |
| Boots of Speed | 1 | |
| Staff of Teleportation | 1 | |
| Periapt of Vitality | 1 | |
| Potion of Invisibility | 1 | |
| Potion of Healing | 2 | |
| Lesser Clarity Potion | 1 | |
| Potion of Mana | 1 | |
| Potion of Lesser Invulnerability | 1 | |
| Orb of Corruption | 1 | |
23 total
chippos (
teal | 94 APM | 3915 actions | 41:50)
4 Archmage
2 Blizzard
2 Brilliance Aura
4 Paladin
2 Holy Light
2 Devotion Aura
» actions
| Assign group hotkey | 656 | |
| Basic commands | 254 | |
| Build / train | 96 | |
| ESC pressed | 5 | |
| Enter build submenu | 41 | |
| Enter hero's abilities submenu | 8 | |
| Give item / drop item | 3 | |
| Right click | 1612 | |
| Select / deselect | 441 | |
| Select group hotkey | 721 | |
| Use ability | 78 | |
3915 total
» units
| Peasant | 16 | |
| Footman | 5 | |
| Priest | 4 | |
| Rifleman | 14 | |
| Mortar Team | 7 | |
| Spell Breaker | 2 | |
| Knight | 1 | |
| Gryphon Rider | 2 | |
51 total
» upgrades
| Gunpowder | 2 | |
| Priest Training | 2 | |
| Long Rifles | 1 | |
| Defend | 1 | |
| Fragmentation Shards | 1 | |
| Masonry | 2 | |
| Lumber Harvesting | 2 | |
| Storm Hammers | 1 | |
| Animal War Training | 1 | |
13 total
» buildings
| Barracks | 1 | |
| Farm | 10 | |
| Altar of Kings | 2 | |
| Scout Tower | 13 | |
| Arcane Tower | 2 | |
| Keep | 2 | |
| Arcane Vault | 2 | |
| Lumber Mill | 1 | |
| Castle | 1 | |
| Arcane Sanctum | 2 | |
| Blacksmith | 1 | |
| Workshop | 2 | |
| Guard Tower | 9 | |
| Town Hall | 2 | |
| Gryphon Aviary | 1 | |
51 total
» build order
00:10 Barracks
00:16 Farm
00:22 Altar of Kings
00:54 Farm
01:41 Scout Tower
01:56 Farm
02:08 Arcane Tower
02:08 Arcane Tower
03:09 Keep
03:09 Keep
03:27 Arcane Vault
03:32 Lumber Mill
05:02 Farm
05:33 Castle
05:38 Arcane Sanctum
06:23 Blacksmith
07:37 Workshop
07:55 Farm
08:41 Farm
08:45 Farm
09:34 Farm
13:22 Scout Tower
13:51 Scout Tower
14:00 Guard Tower
14:03 Scout Tower
14:27 Town Hall
14:28 Guard Tower
14:35 Farm
14:36 Guard Tower
16:00 Gryphon Aviary
17:07 Scout Tower
17:38 Guard Tower
19:54 Arcane Sanctum
20:18 Workshop
21:08 Farm
21:27 Arcane Vault
23:32 Town Hall
27:11 Scout Tower
27:15 Scout Tower
27:47 Guard Tower
27:49 Scout Tower
27:51 Scout Tower
28:21 Guard Tower
28:25 Scout Tower
28:26 Guard Tower
28:39 Scout Tower
29:20 Guard Tower
29:20 Guard Tower
30:20 Altar of Kings
34:22 Scout Tower
34:27 Scout Tower
» items
| Scroll of Regeneration | 1 | |
| Lesser Clarity Potion | 1 | |
| Rod of Necromancy | 1 | |
| Scroll of Town Portal | 1 | |
| Orb of Fire | 1 | |
| Potion of Healing | 1 | |
| Orb of Corruption | 1 | |
| Dust of Appearance | 1 | |
8 total
team 2 (loser)

»
Netflix (
blue | 140 APM | 3255 actions | 23:11)
5 Keeper of the Grove
3 Entangling Roots
2 Thorns Aura
» actions
| Assign group hotkey | 430 | |
| Basic commands | 175 | |
| Build / train | 66 | |
| ESC pressed | 1 | |
| Enter build submenu | 19 | |
| Enter hero's abilities submenu | 5 | |
| Right click | 1025 | |
| Select / deselect | 329 | |
| Select group hotkey | 1143 | |
| Use ability | 62 | |
3255 total
» units
| Wisp | 19 | |
| Huntress | 10 | |
| Druid of the Talon | 2 | |
| Hippogryph | 8 | |
| Chimaera | 5 | |
44 total
» upgrades
| Ultravision | 1 | |
| Reinforced Hides | 2 | |
| Strength of the Wild | 2 | |
| Well Spring | 1 | |
| Corrosive Breath | 1 | |
7 total
» buildings
| Altar of Elders | 1 | |
| Moon Well | 7 | |
| Hunter's Hall | 1 | |
| Ancient of War | 2 | |
| Tree of Life | 1 | |
| Tree of Ages | 1 | |
| Ancient of Wind | 2 | |
| Tree of Eternity | 2 | |
| Chimaera Roost | 2 | |
| Ancient of Wonders | 1 | |
20 total
» build order
00:10 Altar of Elders
00:18 Moon Well
01:34 Hunter's Hall
01:44 Ancient of War
01:59 Moon Well
02:23 Ancient of War
02:29 Moon Well
05:14 Moon Well
06:23 Tree of Life
06:28 Tree of Ages
09:20 Ancient of Wind
09:21 Ancient of Wind
09:47 Tree of Eternity
09:48 Tree of Eternity
12:36 Chimaera Roost
12:39 Chimaera Roost
12:42 Moon Well
12:45 Moon Well
16:23 Moon Well
17:50 Ancient of Wonders
» items
| Moonstone | 1 | |
| Scroll of Town Portal | 3 | |
4 total
caterpillar (
green | 59 APM | 1258 actions | 21:14)
3 Blademaster
2 Wind Walk
1 Critical Strike
» actions
| Assign group hotkey | 2 | |
| Basic commands | 2 | |
| Build / train | 61 | |
| Enter build submenu | 18 | |
| Enter hero's abilities submenu | 3 | |
| Right click | 800 | |
| Select / deselect | 286 | |
| Select group hotkey | 48 | |
| Use ability | 38 | |
1258 total
» units
» upgrades
| Pillage | 1 | |
| Berserker Strength | 1 | |
| Melee Weapons | 3 | |
| Armor | 3 | |
8 total
» buildings
| Altar of Storms | 1 | |
| Orc Burrow | 6 | |
| Barracks | 1 | |
| Voodoo Lounge | 1 | |
| Stronghold | 1 | |
| War Mill | 1 | |
| Fortress | 2 | |
| Great Hall | 1 | |
| Tauren Totem | 4 | |
18 total
» build order
00:13 Altar of Storms
00:19 Orc Burrow
01:05 Barracks
01:30 Orc Burrow
01:52 Voodoo Lounge
02:31 Orc Burrow
03:31 Stronghold
04:49 Orc Burrow
05:31 War Mill
06:44 Fortress
06:44 Fortress
07:47 Great Hall
09:43 Tauren Totem
09:46 Tauren Totem
09:48 Tauren Totem
09:49 Tauren Totem
11:15 Orc Burrow
11:16 Orc Burrow
» items
| Lesser Clarity Potion | 1 | |
| Scroll of Town Portal | 3 | |
| Orb of Lightning | 1 | |
| Healing Salve | 1 | |
6 total
tee-hee! (
red | 84 APM | 2414 actions | 28:42)
5 Priestess of the Moon
3 Trueshot Aura
2 Searing Arrows
» actions
| Assign group hotkey | 42 | |
| Basic commands | 32 | |
| Build / train | 74 | |
| Enter build submenu | 14 | |
| Enter hero's abilities submenu | 5 | |
| Give item / drop item | 2 | |
| Right click | 1153 | |
| Select / deselect | 399 | |
| Select group hotkey | 651 | |
| Use ability | 41 | |
2414 total
» units
| Wisp | 19 | |
| Archer | 21 | |
| Hippogryph | 13 | |
53 total
» upgrades
| Improved Bows | 1 | |
| Hippogryph Taming | 1 | |
| Ultravision | 1 | |
| Marksmanship | 1 | |
| Moon Armor | 3 | |
| Strength of the Moon | 2 | |
| Well Spring | 1 | |
10 total
» buildings
| Moon Well | 6 | |
| Altar of Elders | 1 | |
| Ancient of War | 2 | |
| Tree of Ages | 1 | |
| Hunter's Hall | 1 | |
| Ancient of Wonders | 1 | |
| Ancient of Wind | 2 | |
| Tree of Eternity | 1 | |
| Tree of Life | 1 | |
16 total
» build order
00:08 Moon Well
00:18 Altar of Elders
00:28 Ancient of War
01:37 Moon Well
01:55 Ancient of War
02:16 Moon Well
04:18 Tree of Ages
05:30 Hunter's Hall
05:36 Moon Well
05:48 Ancient of Wonders
06:44 Ancient of Wind
06:49 Ancient of Wind
09:32 Tree of Eternity
13:47 Moon Well
15:23 Moon Well
19:55 Tree of Life
» items
| Boots of Speed | 1 | |
| Scroll of Town Portal | 2 | |
3 total
BOUNCE-BACK-BOB (
yellow | 55 APM | 2319 actions | 41:50)
7 Blademaster
3 Wind Walk
3 Critical Strike
1 Bladestorm
» actions
| Assign group hotkey | 41 | |
| Basic commands | 99 | |
| Build / train | 62 | |
| Enter build submenu | 35 | |
| Enter hero's abilities submenu | 7 | |
| Give item / drop item | 4 | |
| Right click | 878 | |
| Select / deselect | 322 | |
| Select group hotkey | 680 | |
| Use ability | 191 | |
2319 total
» units
| Peon | 10 | |
| Grunt | 3 | |
| Goblin Shredder | 3 | |
| Goblin Zeppelin | 1 | |
| Wind Rider | 5 | |
| Goblin Sapper | 4 | |
| Troll Batrider | 3 | |
29 total
» upgrades
| Reinforced Defenses | 1 | |
| Ranged Weapons | 2 | |
| Armor | 2 | |
| Ensnare | 1 | |
| Liquid Fire | 1 | |
| Envenomed Spears | 1 | |
8 total
» buildings
| Altar of Storms | 1 | |
| Orc Burrow | 7 | |
| Barracks | 1 | |
| Stronghold | 1 | |
| Voodoo Lounge | 2 | |
| Great Hall | 4 | |
| War Mill | 1 | |
| Watch Tower | 28 | |
| Fortress | 1 | |
| Beastiary | 3 | |
49 total
» build order
00:07 Altar of Storms
00:17 Orc Burrow
00:40 Barracks
01:22 Orc Burrow
03:01 Stronghold
03:20 Voodoo Lounge
03:59 Great Hall
04:27 War Mill
05:43 Watch Tower
05:44 Watch Tower
05:46 Fortress
06:17 Beastiary
06:42 Watch Tower
06:57 Watch Tower
06:57 Watch Tower
07:30 Beastiary
07:38 Watch Tower
08:01 Watch Tower
08:17 Orc Burrow
08:49 Beastiary
08:52 Orc Burrow
09:29 Watch Tower
10:03 Orc Burrow
10:07 Watch Tower
10:08 Watch Tower
12:13 Watch Tower
12:17 Watch Tower
12:48 Watch Tower
12:50 Watch Tower
14:34 Watch Tower
20:08 Orc Burrow
21:05 Watch Tower
21:05 Watch Tower
21:06 Watch Tower
21:07 Watch Tower
21:07 Watch Tower
21:07 Watch Tower
21:08 Watch Tower
24:36 Orc Burrow
25:17 Great Hall
25:19 Watch Tower
25:19 Watch Tower
25:20 Watch Tower
25:20 Watch Tower
28:24 Voodoo Lounge
28:38 Great Hall
28:41 Watch Tower
28:41 Watch Tower
32:43 Great Hall
» items
| Healing Salve | 2 | |
| Scroll of Town Portal | 7 | |
| Orb of Lightning | 1 | |
| Staff of Teleportation | 1 | |
| Scroll of Healing | 1 | |
12 total
Chat log
(00:04 / All) caterpillar: this map 3x in a row
(00:06 / All) caterpillar: fuck you blizz
(00:29 / All) BOUNCE-BACK-BOB: netflix is #1 baby
(00:34 / All) caterpillar: piratebay
(00:34 / All) caterpillar: #1
(00:35 / All) BOUNCE-BACK-BOB: netflix is bringing the witcher
(00:41 / All) Netflix: idk what that is
(00:47 / All) BOUNCE-BACK-BOB: game of thrones killer
(00:50 / All) BOUNCE-BACK-BOB: is what the witcher is
(00:52 / All) WutDoUMean: will file bankruptcy within 1 year nd be replaced by competitor
(00:59 / All) WutDoUMean: Trump effect
(00:59 / All) caterpillar: Who
(01:08 / All) chippos: GOD EMPEROR
(01:13 / All) caterpillar: i dont understand whats going on anymore
(01:21 / Allies) chippos: BOW BEFORE HIS MAJESTY
(02:48 / All) WutDoUMean: does anyone want to read my sonic hte hedgehog fanfic after game?
(02:57 / All) caterpillar: not unless sonic is a futunari
(03:05 / All) WutDoUMean: I'm not gay
(03:12 / All) caterpillar: Nothing gay about chicks with dicks
(03:17 / Allies) xxwizardfacexx: blue bm incoming purp
(03:26 / All) WutDoUMean: christ
(03:55 / All) caterpillar: i got over my shemale phase though
(04:00 / All) caterpillar: i prefer girl solo porn now
(04:27 / All) chippos: i prefer the god emperor raping our natural resources to line his pockets
(04:43 / All) WutDoUMean: nigger
(05:06 / All) caterpillar: hehe i urinated in the moonwell
(05:52 / All) chippos: lets all stay at the t hotel
(06:21 / Allies) WutDoUMean: who killed my other critter
(06:25 / All) caterpillar: i like watchng videos of girls pissing themselves
(06:29 / All) caterpillar: While waering clothes
(06:31 / All) BOUNCE-BACK-BOB: piss gate
(06:32 / Allies) chippos: so does t
(06:36 / All) BOUNCE-BACK-BOB: trump did it to obama wife
(06:38 / Allies) WutDoUMean: this chicken is mine
(06:49 / All) caterpillar: dude michelle obama is a man
(06:56 / All) xxwizardfacexx: obvi
(07:45 / All) tee-hee!: no
(07:45 / Allies) xxwizardfacexx: i got hard incoming
(07:46 / Allies) xxwizardfacexx: meet at me
(07:53 / Allies) WutDoUMean: my chciken please don't kill
(07:57 / Allies) ImBroke: ah
(07:58 / Allies) ImBroke: k
(07:59 / Allies) ImBroke: sry
(09:24 / All) caterpillar: no wyrms for u papi
(12:27 / All) caterpillar: ???
(14:05 / Allies) WutDoUMean: hit blue expo
(14:36 / Allies) ImBroke: spare wood?
(14:43 / Allies) xxwizardfacexx: red at fountain mass aa
(14:49 / Allies) xxwizardfacexx: hipps arch
(15:22 / All) WutDoUMean: sigh this team is fucking SHTIE
(15:40 / All) tee-hee!: u should see my team chat haha
(15:45 / All) BOUNCE-BACK-BOB: red is a baby
(15:45 / Allies) WutDoUMean: hit top guys jhesus fucking christ
(16:39 / Allies) WutDoUMean: HIT FUCKING TOP GODDAMN IT
(16:44 / Allies) ImBroke: lets go
(17:49 / Allies) ImBroke: i got a couple wyrms at ur base teal
(19:54 / All) caterpillar: its official
(19:56 / All) caterpillar: Yellow tking
(20:07 / All) Netflix: its official, yellow is worst one here
(20:15 / All) BOUNCE-BACK-BOB: blue mad i raped him
(20:21 / All) xxwizardfacexx: at least he waited til you lost to tk
(20:29 / All) Netflix: lol idk if blue would kill a unit vs me 1v1
(20:33 / All) Netflix: yellow**
(20:34 / All) ImBroke: yellow is the kinda guy that whines about maphackers so he tk's
(20:36 / Allies) ImBroke: gaurenteed
(20:37 / All) caterpillar: we lost becuase of him
(20:38 / All) BOUNCE-BACK-BOB: blue was so paranoid about me he didnt even play
(20:47 / All) ImBroke: yellow, leave the game
(20:48 / All) WutDoUMean: mhers are worse than tks
(20:52 / All) caterpillar: no
(20:56 / All) caterpillar: atleast mhers are playing the game
(20:58 / All) Netflix: yellow's about to dodge me in 1v1, right?
(21:03 / All) ImBroke: lol
(21:03 / All) tee-hee!: tk worse
(21:10 / All) WutDoUMean: so are tks
(21:12 / All) caterpillar: stupid faggot yellow
(21:15 / All) WutDoUMean: tks have honor, integrity
(21:23 / All) BOUNCE-BACK-BOB: time to leave blue and red
(21:26 / All) WutDoUMean: if you don't tk mher then your wins are all tainted
(21:36 / All) tee-hee!: im here all day
(21:44 / All) tee-hee!: gotta go to shopping :)
(27:19 / All) ImBroke: so pink and purp
(27:26 / All) ImBroke: er
(27:30 / All) ImBroke: lmao
(27:40 / All) ImBroke: gg
(30:25 / All) WutDoUMean: damn this is a straight up molestation
(30:41 / All) WutDoUMean: I'm like your creepy old uncle that sneaks into your bed at night at the family reunion
(30:44 / All) WutDoUMean: you remember that guys?
(30:52 / Allies) chippos: yep just like t
(30:52 / All) WutDoUMean: he todl you to keep it a secret but your gay dad was already raping you too
(31:04 / All) WutDoUMean: and gave you HIV at 8
(31:29 / All) chippos: T IS GIVING US HIV ERRDAY
(31:41 / All) BOUNCE-BACK-BOB: wat
(33:15 / All) BOUNCE-BACK-BOB: gay ass
(33:17 / All) BOUNCE-BACK-BOB: blue
(33:26 / All) BOUNCE-BACK-BOB: killed my sapper
(33:43 / All) WutDoUMean: why'd those lil tryhard niggers skip pink and hit me
(34:28 / All) WutDoUMean: rekt
(36:40 / All) WutDoUMean: I was pinging blue expo and teal sat there for like 45 seconds then finally retreated for some reason and left me hanging
(36:52 / All) WutDoUMean: they never once crossed to your side until the last push we did
(36:56 / All) WutDoUMean: I don't think they did
(37:32 / All) WutDoUMean: thanks teal
(37:49 / All) WutDoUMean: I will put this to good use in my overloaded coffers
(39:22 / All) BOUNCE-BACK-BOB: u were the best player purple on ur team
(39:30 / All) BOUNCE-BACK-BOB: teal was weakest,
(39:38 / All) WutDoUMean: thank you, quite a compliment from you
(39:45 / All) WutDoUMean: you 1v4'd our team after your side all quit like pussies